Map: Nightscape LE

Players

Massa

  • Race: Terran Terran
  • League: Platinum
  • Spawn Location: 1:00

qqq

  • Race: Zerg Zerg
  • League: Platinum
  • Spawn Location: 1:00

XMasterMaxX

  • Race: Terran Terran
  • League: Gold
  • Spawn Location: 7:00

Maiheu

  • Race: Terran Terran
  • League: Diamond
  • Spawn Location: 7:00

VOD

Have the link to the VOD?

Description

Time

  • Played on: Nov. 21, 2020, 9:50 a.m.
  • Length: 14:41
Show
View Real Time Build Order
Export as new Build Order

Massa Terran 

Build Orders: Gas First Reaper Expand 

Get SALT Encoding   

  12  0:00  SCV  
  13  0:12  SCV  
  14  0:22  Supply Depot  
  14  0:24  SCV  
  15  0:31  Refinery  
  15  0:44  SCV  
  15  0:45  Barracks  
  16  0:56  SCV  
  17  1:08  SCV  
  18  1:20  SCV  
  19  1:32  Reaper  
  20  1:33  Orbital Command  
  20  1:36  Supply Depot  
  20  1:55  Command Center  
  20  2:04  Marine  
  20  2:05  SCV  
  22  2:17  SCV  
  23  2:27  Factory  
  23  2:49  Barracks Reactor  
  23  2:51  SCV  
  23  2:56  Command Center  
  24  3:03  SCV  
  25  3:09  Orbital Command  
  25  3:13  Hellion  
  25  3:16  SCV  
  28  3:25  Marine x2  
  30  3:28  SCV  
  30  3:29  Starport  
  31  3:35  SCV  
  31  3:40  SCV  
  33  3:43  Marine x2  
  33  3:47  SCV  
  36  3:49  Factory Reactor  
  36  3:52  SCV  
  37  3:59  SCV  
  37  4:01  Marine  
  37  4:02  Marine  
  40  4:04  SCV  
  40  4:06  Medivac  
  43  4:19  Marine x2  
  45  4:25  Hellion  
  45  4:26  Hellion  
  49  4:37  Marine x2  
  49  4:38  Barracks  
  51  4:40  Barracks  
  51  4:43  SCV x3  
  51  4:44  Barracks  
  54  4:46  Refinery  
  54  4:47  Hellion x2  
  54  4:48  Refinery  
  58  4:54  Marine  
  58  4:55  SCV x2  
  61  5:05  Supply Depot  
  61  5:06  Orbital Command, Supply Depot  
  61  5:07  Supply Depot  
  61  5:08  Starport Reactor  
  61  5:26  Marine  
  61  5:27  Widow Mine x2  
  66  5:33  Barracks Tech Lab x2  
  66  5:34  Barracks Reactor  
  66  5:35  SCV x2  
  66  5:36  SCV  
  69  5:48  Widow Mine x2, SCV  
  74  6:05  SCV x3  
  74  6:06  Medivac x2  
  81  6:17  SCV  
  45  6:48  SCV  
  45  6:49  SCV x2  
  48  6:57  Marauder  
  48  6:58  Marauder, Marine x4  
  48  7:01  SCV x2  
  58  7:04  SCV  
  59  7:13  SCV x2  
  61  7:16  SCV, Marine x3  
  61  7:19  Marauder x2  
  69  7:26  Stimpack  
  69  7:35  Marine  
  69  7:36  Marine x3  
  73  7:40  Widow Mine x2, Marauder x2  
  81  7:49  Factory  
  81  7:53  Marine x2  
  83  8:01  Widow Mine x2  
  83  8:02  Marauder x2  
  85  8:18  Combat Shield  
  85  8:21  Orbital Command  
  85  8:24  Supply Depot  
  85  8:26  Supply Depot x2  
  85  8:30  Supply Depot  
  85  8:31  Engineering Bay  
  85  8:33  Armory  
  85  8:45  SCV x2, Marauder x2, Marine x2  
  85  8:47  Marine  
  94  8:50  SCV, Supply Depot  
  94  8:53  Supply Depot  
  94  8:54  Supply Depot x2  
  95  8:57  SCV x2  
  95  9:02  SCV  
  98  9:05  Marine, Concussive Shells  
  98  9:06  Marine x3  
  98  9:07  Marauder x2  
  98  9:09  SCV x2  
  108  9:12  Missile Turret  
  108  9:14  SCV  
  108  9:15  Missile Turret  
  109  9:18  Sensor Tower  
  109  9:20  Missile Turret  
  109  9:21  SCV x2  
  109  9:23  Marine x2  
  109  9:26  SCV  
  109  9:28  Marauder x2  
  114  9:33  Factory Tech Lab  
  114  9:34  SCV x2  
  114  9:38  SCV, Barracks  
  112  9:39  Factory Tech Lab  
  112  9:44  Medivac x2  
  117  9:55  Refinery  
  117  9:56  Refinery  
  117  10:00  Siege Tank  
  120  10:10  SCV x2  
  120  10:11  SCV  
  123  10:14  Refinery  
  123  10:17  Command Center  
  123  10:22  SCV  
  123  10:23  SCV x2  
  126  10:33  Marauder x2, Marine x2, Command Center  
  126  10:34  Marine  
  126  10:35  SCV  
  134  10:41  SCV x2  
  136  10:47  SCV  
  137  10:53  SCV x2  
  137  10:54  Marauder  
  137  10:55  Marauder  
  143  10:59  SCV  
  137  11:05  SCV  
  137  11:10  Medivac x2  
  142  11:12  SCV x2  
  142  11:16  Marauder x2  
  142  11:17  SCV  
  149  11:29  SCV x3, Orbital Command  
  152  11:33  Supply Depot  
  152  11:35  Supply Depot  
  152  11:40  Viking x2  
  152  11:45  Supply Depot  
  156  11:47  Supply Depot  
  156  11:52  Siege Tank x2  
  160  12:00  Supply Depot  
  152  12:01  Supply Depot  
  152  12:07  Marauder x2, Marine x3  
  152  12:08  Marine  
  156  12:10  Supply Depot  
  156  12:11  Supply Depot  
  156  12:24  Supply Depot, Siege Tank x2  
  156  12:28  Marauder x2  
  136  12:33  Marine  
  136  12:34  Marine x3, Supply Depot x2  
  121  12:49  Marauder  
  121  12:50  Marauder  
  121  12:51  Marine x6  
  107  12:56  Siege Tank x2  
  112  13:04  Missile Turret  
  112  13:06  Missile Turret  
  112  13:08  Marine  
  112  13:09  Marine, Missile Turret x2  
  112  13:10  Sensor Tower  
  112  13:11  Marauder x2  
  90  13:26  SCV  
  90  13:27  SCV x3  
  60  13:28  Siege Tank  
  60  13:29  Siege Tank  
  60  13:32  Marauder x2  
  71  13:34  Missile Turret  
  71  13:38  SCV  
  71  13:39  SCV x3  
  72  13:41  Marine  
  72  13:42  Marine x5  
  63  13:50  SCV  
  63  13:54  Marauder x2  
  67  13:59  Marine x4  
  67  14:00  Marine  
  67  14:01  Siege Tank x2  
  78  14:03  Marine  
  75  14:15  Marauder x2  
  65  14:17  Marine x3  
Show
View Real Time Build Order
Export as new Build Order

qqq Zerg 

Build Orders: Hatch First, Lurkers, Muta Ling Bane 

Get SALT Encoding   

  12  0:01  Drone  
  13  0:08  Drone  
  14  0:29  Overlord  
  14  0:49  Hatchery  
  13  0:53  Drone x2  
  13  0:55  Drone  
  16  1:07  Drone  
  17  1:18  Drone  
  17  1:23  Spawning Pool  
  17  1:42  Drone  
  17  1:43  Drone  
  17  1:45  Extractor  
  18  1:54  Drone  
  19  2:08  Drone  
  20  2:10  Drone  
  20  2:11  Drone  
  20  2:15  Drone  
  23  2:18  Queen  
  25  2:31  Zergling x2  
  25  2:33  Zergling x2  
  27  2:43  Drone  
  27  2:44  Drone  
  28  2:45  Overlord  
  28  2:50  Hatchery, Metabolic Boost  
  27  2:55  Extractor, Queen  
  28  3:01  Overlord  
  28  3:04  Drone x2  
  30  3:13  Drone  
  30  3:15  Drone, Zergling x2  
  35  3:28  Drone x2  
  35  3:33  Drone  
  38  3:36  Drone  
  38  3:39  Lair  
  37  3:44  Baneling Nest  
  37  3:45  Drone  
  37  3:46  Drone  
  37  3:47  Evolution Chamber  
  37  4:04  Zergling x2  
  37  4:07  Spine Crawler  
  35  4:14  Drone  
  35  4:15  Drone x4  
  35  4:16  Drone  
  41  4:17  Queen  
  43  4:36  Spine Crawler  
  42  4:39  Spine Crawler  
  42  4:40  Zergling x4  
  42  4:41  Zergling x2  
  44  4:49  Drone x3, Spire  
  44  4:50  Drone x3  
  48  5:03  Drone  
  48  5:05  Overlord x2  
  49  5:11  Centrifical Hooks, Hydralisk Den  
  48  5:14  Drone  
  49  5:24  Drone x4  
  49  5:25  Drone x2  
  49  5:26  Zergling x2  
  56  5:40  Spore Crawler  
  56  5:41  Spore Crawler  
  56  5:42  Drone, Spore Crawler  
  54  5:43  Drone x3  
  54  5:46  Extractor x2  
  39  6:08  Baneling  
  39  6:09  Baneling x7  
  39  6:10  Baneling x4  
  39  6:16  Queen  
  39  6:17  Drone x3  
  44  6:29  Drone x2  
  44  6:30  Drone x2, Zergling x2  
  44  6:31  Zergling x4  
  51  6:43  Hydralisk  
  51  6:46  Drone x2  
  54  7:03  Drone  
  54  7:04  Drone x3  
  58  7:12  Drone  
  59  7:27  Hatchery, Drone  
  59  7:28  Drone x2  
  61  7:30  Lurker Den  
  61  7:33  Hatchery  
  61  7:34  Extractor  
  61  7:36  Hatchery, Extractor  
  56  7:41  Zerg Missile Weapons Level 1  
  56  7:48  Infestation Pit  
  55  7:53  Evolution Chamber  
  55  7:54  Mutalisk  
  55  7:56  Drone x6  
  62  8:12  Hydralisk x2  
  64  8:18  Overlord  
  64  8:19  Overlord x3  
  66  8:23  Muscular Augments  
  66  8:36  Overlord x4  
  66  8:38  Drone x6  
  66  8:39  Drone x2  
  66  8:41  Hive  
  74  8:45  Zerg Melee Weapons Level 1  
  74  8:48  Hydralisk  
  74  8:50  Drone  
  74  8:55  Lurker  
  78  8:56  Hydralisk  
  80  9:15  Drone x7  
  80  9:16  Drone x3  
  90  9:21  Drone x6  
  90  9:22  Hydralisk  
  90  9:23  Hydralisk  
  100  9:27  Baneling x6  
  100  9:40  Hydralisk x4  
  100  9:44  Zerg Ground Armor Level 1  
  108  9:49  Lurker  
  107  9:59  Drone x6  
  114  10:00  Drone x4  
  114  10:02  Spine Crawler  
  114  10:03  Spine Crawler  
  114  10:05  Spine Crawler x2  
  113  10:07  Drone x2  
  113  10:08  Drone x2, Spine Crawler  
  113  10:09  Spine Crawler  
  113  10:12  Queen  
  117  10:21  Ultralisk Cavern  
  117  10:26  Spore Crawler  
  117  10:27  Spore Crawler  
  114  10:29  Spore Crawler  
  114  10:32  Spore Crawler  
  112  10:42  Lurker x4  
  116  10:43  Lurker  
  105  10:59  Spore Crawler  
  105  11:02  Mutalisk x2  
  105  11:03  Hydralisk  
  105  11:04  Hydralisk, Zergling x4  
  110  11:05  Zergling x6  
  110  11:06  Drone x7  
  110  11:07  Drone x2  
  126  11:16  Hydralisk  
  128  11:21  Zerg Melee Weapons Level 2  
  128  11:35  Spore Crawler x2  
  128  11:37  Extractor x2  
  128  11:39  Extractor  
  123  11:40  Extractor  
  107  11:58  Ultralisk  
  96  12:04  Zergling x8  
  96  12:05  Zergling x12  
  98  12:13  Extractor x2, Zergling x2  
  98  12:14  Drone x4  
  98  12:15  Drone x3  
  105  12:20  Drone x2  
  105  12:22  Ultralisk  
  103  12:25  Baneling  
  103  12:26  Baneling x18  
  103  12:29  Drone x3  
  105  12:40  Zergling x2  
  105  12:41  Zergling x12  
  112  12:55  Ultralisk  
  118  12:58  Overlord x3  
  118  12:59  Anabolic Synthesis, Overlord  
  106  13:18  Zergling x8  
  106  13:19  Drone x2  
  97  13:20  Drone x2  
  97  13:24  Ultralisk x2  
  109  13:34  Zergling x2  
  109  13:35  Drone, Zergling x6  
  109  13:36  Drone x3  
  117  13:42  Ultralisk  
  109  13:56  Baneling  
  109  13:57  Baneling x3  
  101  14:05  Spine Crawler  
  101  14:08  Spine Crawler  
  101  14:09  Spine Crawler  
  85  14:10  Spine Crawler  
  85  14:11  Spine Crawler  
  85  14:12  Zergling x4  
  85  14:14  Overlord x5  
  85  14:15  Overlord  
  97  14:27  Spore Crawler  
Show
View Real Time Build Order
Export as new Build Order

XMasterMaxX Terran 

Build Orders:  

Get SALT Encoding   

  12  0:00  SCV  
  13  0:12  SCV  
  14  0:17  Supply Depot  
  14  0:24  SCV  
  15  0:38  SCV  
  15  0:41  Barracks  
  16  0:46  Refinery  
  16  0:51  SCV  
  17  1:03  SCV  
  18  1:15  SCV  
  19  1:29  Orbital Command  
  19  1:31  Barracks Reactor  
  19  1:41  Command Center  
  19  1:49  Supply Depot  
  19  1:54  SCV  
  20  2:10  Factory  
  20  2:11  SCV  
  21  2:17  Marine x2  
  23  2:23  SCV  
  23  2:28  Barracks  
  24  2:30  Refinery  
  24  2:35  SCV  
  25  2:38  Marine x2  
  27  2:47  SCV  
  28  2:56  Marine x2  
  30  2:58  Starport  
  30  2:59  SCV  
  30  3:03  Factory Reactor  
  30  3:05  SCV  
  32  3:11  SCV  
  33  3:13  Marine  
  33  3:16  Barracks Tech Lab  
  34  3:21  SCV  
  34  3:23  Supply Depot  
  34  3:24  Marine  
  36  3:31  Marine  
  36  3:33  SCV  
  38  3:34  SCV  
  38  3:35  Marine  
  38  3:38  Stimpack  
  40  3:41  Marine  
  40  3:45  SCV  
  42  3:57  Marine x2  
  42  4:02  Medivac  
  46  4:08  SCV  
  48  4:12  Medivac  
  48  4:16  Orbital Command  
  49  4:17  Marine x2  
  49  4:19  Factory Tech Lab  
  49  4:24  Marine  
  52  4:31  Supply Depot  
  52  4:32  SCV  
  52  4:33  Supply Depot  
  52  4:36  Marine, Supply Depot  
  54  4:47  Supply Depot  
  54  4:52  Marine x2  
  54  4:53  SCV x2, Siege Tank  
  54  4:54  Marine  
  62  5:05  SCV x2  
  64  5:12  Marine x2  
  66  5:14  Marine  
  66  5:19  Medivac x2  
  71  5:23  Supply Depot  
  71  5:28  Supply Depot  
  71  5:29  SCV x2  
  71  5:32  Refinery  
  71  5:35  Refinery  
  73  5:38  Marine  
  73  5:39  Marine, Supply Depot  
  73  5:40  Supply Depot  
  73  5:41  SCV x2  
  74  6:32  Marine x2  
  66  6:33  Marauder  
  62  6:49  Siege Tank  
  62  6:50  Marine x2, Medivac x2  
  71  6:54  Marauder  
  71  6:58  SCV x2  
  73  7:08  Marine  
  74  7:10  SCV x2  
  74  7:12  Marine  
  79  7:16  Marauder  
  79  7:21  Command Center, Siege Tank  
  79  7:22  SCV x2  
  84  7:26  Marine  
  85  7:30  Marine  
  85  7:34  SCV  
  89  7:37  Marauder  
  89  7:40  Engineering Bay  
  89  7:42  Engineering Bay  
  89  7:43  Marine, Supply Depot  
  91  7:45  Supply Depot  
  91  7:46  SCV, Viking x2, Supply Depot  
  91  7:48  Marine  
  97  7:53  Siege Tank  
  101  7:58  Marauder  
  101  8:01  Marine  
  101  8:02  Armory x2  
  102  8:06  Marine  
  103  8:13  Barracks  
  103  8:14  Barracks  
  103  8:18  Terran Infantry Armor Level 1  
  103  8:19  Marine  
  106  8:20  Marauder  
  106  8:21  Terran Infantry Weapons Level 1  
  108  8:41  Marauder  
  108  8:42  SCV x2  
  108  8:43  Refinery  
  108  8:45  Refinery, Marine x2  
  112  8:54  SCV  
  112  8:55  SCV  
  116  9:02  Marauder  
  116  9:03  Marine x2  
  116  9:05  Siege Tank  
  116  9:06  SCV  
  116  9:07  SCV  
  123  9:15  Missile Turret  
  123  9:16  Missile Turret  
  123  9:19  SCV x2  
  123  9:20  Missile Turret, Terran Vehicle Weapons Level 1  
  123  9:21  Marine  
  126  9:24  Terran Vehicle And Ship Armor Level 1  
  126  9:31  SCV x2  
  128  9:35  Planetary Fortress  
  128  9:36  Marine  
  128  9:37  Marine x2  
  131  9:43  SCV x2  
  133  9:50  Marine  
  133  9:51  Marauder, Siege Tank  
  139  9:53  Medivac x2  
  139  9:54  Marine x3  
  146  10:08  Marine  
  146  10:10  Factory  
  146  10:12  Marauder, Marine  
  150  10:17  Starport  
  150  10:22  Terran Infantry Armor Level 2  
  150  10:33  Marauder  
  150  10:34  Command Center  
  152  10:38  SCV x3  
  152  10:39  Marine x2, Supply Depot  
  152  10:40  Supply Depot x2  
  157  10:46  Terran Infantry Weapons Level 2, Marine x2  
  159  10:50  SCV x2  
  159  10:55  Marauder  
  163  10:57  Marine x2  
  163  11:01  Siege Tank  
  163  11:02  Factory Tech Lab  
  163  11:03  Marine x2  
  170  11:04  Starport Reactor  
  170  11:12  Supply Depot  
  170  11:14  Supply Depot  
  170  11:15  Marine  
  170  11:16  Marauder  
  170  11:17  Supply Depot  
  173  11:18  Terran Ship Weapons Level 1  
  173  11:20  Marine  
  173  11:21  Marine x2  
  173  11:22  Siege Tank  
  179  11:33  SCV x3, Marine, Siege Tank  
  179  11:37  Marine  
  179  11:38  Marauder  
  179  11:39  Marine x2  
  191  11:45  SCV  
  192  11:50  Marine  
  181  11:55  Marine  
  181  11:59  Marauder  
  144  12:09  Marine x3  
  144  12:11  Siege Tank x2  
  144  12:12  Viking, Medivac  
  144  12:13  Marine  
  158  12:20  Marauder  
  158  12:27  Marine x3  
  161  12:31  Marine  
  162  12:42  Marauder  
  162  12:43  Siege Tank  
  151  12:44  Marine  
  151  12:45  Marine x2  
  151  12:49  Marine  
  149  12:52  Viking, Siege Tank  
  149  12:53  Medivac, Viking  
  158  13:02  Marine x3  
  158  13:03  Marauder  
  163  13:06  Marine  
  158  13:15  Siege Tank  
  145  13:20  Marine x3  
  145  13:24  Marine  
  145  13:25  Marauder  
  137  13:38  Marine x3  
  137  13:39  Siege Tank  
  137  13:40  Viking  
  145  13:42  Marine  
  145  13:46  Marauder  
  145  13:47  Siege Tank  
  151  13:56  Marine x3  
  151  14:00  Marine  
  155  14:05  Medivac x2  
  155  14:06  Viking  
  155  14:07  Marauder  
  163  14:13  Marine  
  163  14:14  Marine x2  
  169  14:18  Marine  
Show
View Real Time Build Order
Export as new Build Order

Maiheu Terran 

Build Orders:  

Get SALT Encoding   

  12  0:00  SCV  
  13  0:12  SCV  
  14  0:16  Supply Depot  
  14  0:24  SCV  
  15  0:38  SCV  
  15  0:39  Barracks  
  16  0:44  Refinery  
  16  0:50  SCV  
  17  1:02  SCV  
  17  1:03  Refinery  
  18  1:14  SCV  
  19  1:27  Orbital Command  
  19  1:30  Reaper  
  19  1:31  Supply Depot  
  20  1:53  SCV  
  21  1:56  Factory  
  21  2:03  Reaper  
  21  2:05  SCV  
  23  2:17  SCV  
  24  2:29  SCV  
  25  2:32  Command Center  
  25  2:36  Reaper  
  26  2:40  Hellion  
  26  2:42  SCV, Supply Depot  
  29  2:54  SCV  
  29  2:56  Starport  
  30  3:04  Hellion  
  32  3:06  SCV  
  32  3:10  Barracks Reactor  
  33  3:28  Factory Tech Lab  
  33  3:33  Starport Tech Lab  
  33  3:36  SCV  
  34  3:43  Command Center  
  34  3:48  SCV, Orbital Command  
  35  3:49  Refinery  
  35  3:52  Marine  
  36  3:59  Raven  
  36  4:00  SCV  
  38  4:32  SCV x2, Marine x2  
  38  4:33  Siege Tank  
  45  4:41  Raven  
  45  4:42  Barracks  
  45  4:43  Barracks  
  45  4:44  SCV x2  
  49  4:56  SCV  
  49  4:58  Orbital Command  
  49  4:59  Marine x2  
  46  5:04  SCV  
  47  5:10  Siege Tank  
  47  5:13  SCV  
  51  5:16  SCV  
  53  5:25  SCV  
  55  5:34  Barracks Reactor x2  
  53  5:39  SCV x2  
  55  5:45  Viking x2  
  55  5:47  Marine, Siege Tank  
  64  5:53  Engineering Bay x2  
  64  5:55  SCV  
  64  5:56  Refinery, SCV  
  65  6:04  Marine  
  65  6:06  Stimpack  
  65  6:08  SCV x2  
  68  6:17  Orbital Command  
  68  6:18  Marine  
  68  6:21  Terran Infantry Weapons Level 1  
  68  6:25  Terran Infantry Armor Level 1  
  69  6:29  Marine x4  
  69  6:30  SCV  
  73  6:36  Marine  
  73  6:38  SCV  
  73  6:39  Viking  
  77  6:45  Supply Depot  
  77  6:46  Siege Tank, Supply Depot x2  
  80  6:47  Marine x2  
  80  6:52  Marine x2  
  80  6:53  SCV  
  85  7:01  Refinery x2  
  85  7:07  SCV x2  
  87  7:11  SCV  
  87  7:12  Marine x4  
  87  7:13  Viking  
  94  7:18  Armory  
  94  7:19  Reaper  
  95  7:29  Marine x2  
  95  7:30  Marine  
  98  7:50  Missile Turret  
  98  7:51  Missile Turret x3  
  98  7:53  SCV x2  
  97  8:01  SCV  
  97  8:05  SCV x2  
  99  8:11  Marine x2  
  99  8:12  Marine x3, Siege Tank  
  107  8:13  Medivac  
  107  8:15  Combat Shield  
  109  8:23  Terran Infantry Weapons Level 2  
  109  8:25  Supply Depot  
  109  8:26  Terran Infantry Armor Level 2, Supply Depot  
  109  8:28  SCV x3, Medivac, Terran Vehicle Weapons Level 1  
  114  8:40  SCV x3, Marine x3  
  120  8:56  Marauder, Marine  
  120  8:57  Command Center, Siege Tank  
  126  9:10  Medivac x2  
  126  9:11  Marine x3  
  126  9:14  Marine  
  134  9:18  SCV, Marauder  
  134  9:19  Barracks  
  134  9:23  Barracks x2  
  137  9:29  Marine  
  137  9:39  Marauder  
  137  9:48  Marine x4  
  141  10:01  Supply Depot  
  141  10:03  Supply Depot  
  141  10:05  Supply Depot  
  141  10:06  Supply Depot  
  141  10:08  Marine x3, Medivac x2, Siege Tank  
  141  10:12  Barracks Tech Lab x2, Marine  
  141  10:13  Barracks Tech Lab  
  152  10:17  Ghost Academy  
  152  10:19  Marine, Ghost Academy  
  153  10:23  Ghost Academy  
  153  10:24  Ghost Academy  
  153  10:26  Marine x2  
  155  10:35  Marine  
  156  10:37  Command Center  
  136  11:10  Marine x3, Viking x2  
  136  11:11  Marauder x3, Siege Tank  
  149  11:12  Marine x2  
  149  11:15  Personal Cloaking  
  149  11:17  Nuke x2  
  151  11:25  Planetary Fortress  
  151  11:28  Marine x3  
  151  11:30  Marine  
  156  11:35  Refinery, Marine x2  
  156  11:37  Refinery, Missile Turret  
  156  11:38  Ghost x2  
  161  11:40  Missile Turret, Concussive Shells, Viking  
  161  11:43  Sensor Tower, Missile Turret  
  163  11:53  Ghost  
  163  12:12  Marine x2  
  163  12:13  Marauder x2, Marine x3  
  172  12:22  Marauder  
  163  12:33  Marine, Viking x2  
  163  12:34  Marauder, Marine x4  
  163  12:35  Marauder, Siege Tank  
  177  12:41  Nuke  
  177  12:43  Marine  
  176  12:51  Marine  
  176  12:52  Marine x2  
  176  12:53  Marauder, Marine  
  176  12:55  Marine  
  176  12:56  Marauder  
  185  13:03  Viking x2  
  189  13:13  Marine x2  
  189  13:14  Marauder, Marine x4  
  189  13:15  Siege Tank  
  198  13:28  Marine  
  198  13:31  Marine  
  196  13:46  Marine x2  
  196  13:47  Marauder, Marine x3  
  199  14:00  Marine  
  199  14:01  Marine  
  200  14:05  Ghost  
  196  14:16  Marine x3  
  196  14:17  Marauder x2  
Tags
 
Add a new tag
Caveats
  • Supply blocks, unpowered buildings, or Contaminate may cause inaccurate times.
  • Supply counts are checked every 10 seconds.